 Dungeon Crawl Stone Soup version 0.30-a0-339-g89bb51ec76 (webtiles) character file.

Game seed: 15371664572868498654

770 Muataran the Fighter (level 7, 0/80 HPs)
             Began as an Ogre Berserker on Oct 31, 2022.
             Was a Priest of Trog.
             Slain by an orc wizard
             ... wielding a +0 dagger
              (2 damage)
             ... on level 4 of the Dungeon.
             The game lasted 00:05:07 (3983 turns).

Muataran the Fighter (Ogre Berserker)               Turns: 3983, Time: 00:05:08

Health: 0/80       AC:  3    Str: 24    XL:     7   Next: 83%
Magic:  7/7        EV: 10    Int:  8    God:    Trog [***...]
Gold:   241        SH:  0    Dex:  8    Spells: 6/6 levels left

rFire   . . .      SeeInvis .    a - +0 mace
rCold   . . .      Faith    .    (no shield)
rNeg    . . .      Spirit   .    b - +0 animal skin
rPois   .          Reflect  .    (helmet restricted)
rElec   .          Harm     .    (no cloak)
rCorr   .          Rampage  .    (gloves unavailable)
Will    .....                    (boots unavailable)
Stlth   +.........               (no amulet)
HPRegen 0.33/turn                (no ring)
MPRegen 0.10/turn                (no ring)

@: no status effects
A: large, unfitting armour, tough skin 1
a: Renounce Religion, Berserk, Trog's Hand


You were on level 4 of the Dungeon.
You worshipped Trog.
Trog was most pleased with you.
You visited 1 branch of the dungeon, and saw 5 of its levels.

You collected 241 gold pieces.

Inventory:

Hand Weapons
 a - a +0 mace (weapon)
Armour
 b - a +0 animal skin (worn)
Scrolls
 c - 5 scrolls of identify {unknown}
 d - 2 scrolls of poison {unknown}
 e - a scroll of silence {unknown}
 f - a scroll of acquirement {unknown}
 g - a scroll of vulnerability {unknown}
 l - 2 scrolls of noise {unknown}
 m - 2 scrolls of blinking {unknown}
 o - 2 scrolls of magic mapping {unknown}
 r - a scroll of immolation {unknown}
Potions
 h - 2 potions of curing {unknown}
 i - a potion of attraction {unknown}
 j - a potion of might {unknown}
 k - a potion of haste {unknown}
 n - a potion of mutation {unknown}
 p - a potion of cancellation {unknown}
 q - a potion of lignification {unknown}


   Skills:
 * Level 8.0 Fighting
 * Level 5.5 Maces & Flails
 + Level 4.3 Dodging


You had 6 spell levels left.
You didn't know any spells.
Your spell library was empty.

Dungeon Overview and Level Annotations

Branches:
Dungeon (5/15)
 Temple: D:4-7

Altars:
Elyvilon
Trog
Wu Jian


Innate Abilities, Weirdness & Mutations

You are too large for most types of armour.
You have tough skin. (AC +1)


Message History

The magic dart hits you!
* * * LOW HITPOINT WARNING * * *
You hear some strange, mumbled words.
Something tries to affect you, but you resist.
You hit something. Something hits you but does no damage. Something hits you.
* * * LOW HITPOINT WARNING * * *
Unknown command.
You miss something. Something hits you.
* * * LOW HITPOINT WARNING * * *
You hear some strange, mumbled words.
A puff of flame appears from out of thin air!
The puff of flame misses you.
You hit something. Something hits you.
* * * LOW HITPOINT WARNING * * *
Something hits you.
* * * LOW HITPOINT WARNING * * *
You completely miss something. Something hits you but does no damage.
Something hits you.
* * * LOW HITPOINT WARNING * * *
You barely miss something.
You hear some strange, mumbled words.
A magic dart appears from out of thin air!
The magic dart hits you!
* * * LOW HITPOINT WARNING * * *
Something hits you but does no damage. x2
You hear some strange, mumbled words.
A puff of flame appears from out of thin air!
The puff of flame hits you.
* * * LOW HITPOINT WARNING * * *
You sock something! Trog accepts your kill.
Trog appreciates your killing of a magic user.
Reactivating autopickup.
You feel a bit more experienced. Something hits you but does no damage.
Deactivating autopickup; reactivate with Ctrl-A.
You barely miss something. Something hits you but does no damage.
You closely miss something. Something hits you.
* * * LOW HITPOINT WARNING * * *
You barely miss something. Something hits you.
You die...

.......#....#....#.......#.......
.......#....#....#.......'.......
.......#....#....#.......#.......
...#####....#....#..:....#..##...
...#......).#....#.......########
...#........#....#.......#..##...
...#........###'##.......#..'....
...#....#'#####{.#.......#..#####
...+....#.....#)@#.......#..##...
...#....'.....#..#.......#...'...
##......#'########.......#..##...
..#######...###..##....###..##...
...# #..........#....#....#####
...# #..........'....#....# ..##
##..###...##....#....# ### ##..#
#####.....#....# #...#
#.....'....#


There were no monsters in sight!

Vanquished Creatures
  Grinder (D:3)
  A sky beast (D:3)
  A phantom (D:4)
  A necrophage (D:4)
  An orc priest (D:3)
  2 hounds (D:4)
  Terence (D:2)
  2 iguanas (D:4)
  2 orc wizards
  6 adders
  9 orcs
  6 ball pythons
  5 endoplasms
  5 giant cockroaches
  12 hobgoblins
  3 quokkas
  7 bats
  2 frilled lizards
  10 goblins
  4 kobolds
  9 rats
90 creatures vanquished.

Vanquished Creatures (others)
  A plant (D:3)
1 creature vanquished.

Grand Total: 91 creatures vanquished

Notes
Turn   | Place    | Note
-------+----------+-------------------------------------------
     0 | D:1      | Muataran the Ogre Berserker began the quest for the Orb.
     0 | D:1      | Reached XP level 1. HP: 24/24 MP: 1/1
   115 | D:1      | Reached XP level 2. HP: 23/32 MP: 2/2
   308 | D:1      | Found a faded altar of an unknown god.
   517 | D:1      | Reached ** piety under Trog
   518 | D:1      | Reached XP level 3. HP: 37/40 MP: 3/3
   643 | D:2      | Noticed Terence
   651 | D:2      | Killed Terence
   653 | D:2      | Reached skill level 5 in Fighting
   848 | D:2      | Reached XP level 4. HP: 50/50 MP: 4/4
  1772 | D:3      | Noticed a sky beast
  1782 | D:3      | Killed a sky beast
  1783 | D:3      | Reached skill level 6 in Fighting
  1783 | D:3      | Reached XP level 5. HP: 59/59 MP: 5/5
  1878 | D:3      | Reached XP level 6. HP: 21/67 MP: 6/6
  2299 | D:3      | Noticed Grinder
  2299 | D:3      | Paralysed by Grinder for 3 turns
  2307 | D:3      | Killed Grinder
  2308 | D:3      | Reached skill level 7 in Fighting
  2308 | D:3      | Reached XP level 7. HP: 78/78 MP: 7/7
  2686 | D:4      | Found an ornate altar of the Wu Jian Council.
  2783 | D:4      | Found a bloodstained altar of Trog.
  2793 | D:4      | Reached skill level 5 in Maces & Flails
  2863 | D:4      | Found a white marble altar of Elyvilon.
  3081 | D:4      | Reached *** piety under Trog
  3665 | D:4      | Reached skill level 8 in Fighting
  3954 | D:5      | Entered Level 5 of the Dungeon
  3979 | D:4      | HP: 4/80 [something/magic dart (10)]
  3979 | D:4      | HP: 1/80 [something/puff of flame (3)]
  3983 | D:4      | Slain by an orc wizard

Illustrated notes

Levels and vault maps discovered:
D:1:      erik_arrival_orb_chamber, layout_rooms,
          ebering_ecumenical_altar_sacrificial, dreamdust_princess_bridge
D:2:      layout_basic, uniq_terence
D:3:      layout_basic, st_stairs_7, dreamdust_mushroom_princess,
          dk_noncrumbling_4, hangedman_glass_garden, roderic_roman_lattice,
          grunt_ministairs_8, uniq_crazy_yiuf_cottage, uniq_grinder
D:4:      layout_gridville, lemuel_round_altar,
          mainiacjoe_overflow_concentric_impassable,
          mainiacjoe_overflow_alcove_1
D:5:      layout_loops_corners, grunt_temple_overflow_open,
          nicolae_elevator_lobby_plus

Skill      XL: |  1  2  3  4  5  6  7 |
---------------+----------------------+-----
Maces & Flails | 3 4 5 |  5.5
Dodging        | 3 4 |  4.3
Fighting       | 5 6 7 8 |  8.0

Action                   |  1- 3 |  4- 6 |  7- 9 || total
-------------------------+-------+-------+-------++-------
Melee: Mace              |    89 |   112 |   124 ||   325
       Punch             |     1 |       |     1 ||     2
Invok: Berserk           |     1 |     4 |     3 ||     8
 Stab: Sleeping          |       |     1 |       ||     1
Armor: Animal skin       |    30 |    34 |    33 ||    97
Dodge: Dodged            |    57 |    62 |    66 ||   185

Table legend: (Time is in decaauts)
 A = Elapsed time spent in this place.
 B = Non-inter-level travel time spent in this place.
 C = Inter-level travel time spent in this place.
 D = Time resting spent in this place.
 E = Time spent auto-exploring this place.
 F = Levels seen in this place.
 G = Mean time per level.
                   A        B        C        D        E       F      G
               +--------+--------+--------+--------+--------+-----+--------+
         Total |   4099 |   4028 |     71 |    508 |   2860 |   5 |  819.8 |
       Dungeon |   4099 |   4028 |     71 |    508 |   2860 |   5 |  819.8 |
               +--------+--------+--------+--------+--------+-----+--------+

Top non-repeatable levels by time:
     D:4: 1319 daAuts
     D:3: 1250 daAuts
     D:2: 880 daAuts
     D:1: 632 daAuts
     D:5: 16 daAuts
